AoeStats
← bpaquereau

Arena

509271995Analyzed
4v4 RM · 7d ago on Sep 26, 2026· 62m 28s· 8 players
Game mode
Random Map
Map size
Large (8 player)
Population
200
Speed
Normal
Resources
Standard
Victory
Conquest
Starting age
Dark Age
Ending age
Imperial Age
RankedLock teamsTeams togetherTeam positionsShared explorationLock speedFull tech treeHidden civsTurbo modeCheats
Victory
Defeat
🇫🇷 Japanese · France
1093
+16
🇨🇳 Bohemians · China
1069
+17
🇨🇳 Sicilians · China
1058
+17
🇭🇰 Khmer · Hong Kong SAR China
1028
+19
🇨🇳 Huns · China
1163
-21
🇦🇿 Varangians · Azerbaijan
1112
-18
🇭🇰 Danes · Hong Kong SAR China
1067
-16
🇦🇺 Bohemians · Australia
1021
-14
bpaquereau
10:37 Feudal Age
14:22 Castle Age
12:46 Double-Bit Axe
12:44 Horse Collar
16:10 Wheelbarrow
15:53 Bow Saw
20:18 Stone Mining
20:39 Heavy Plow
20:54 Town Watch
20:56 Loom
22:54 Gold Mining
25:54 Hand Cart
26:40 Gold Shaft Mining
30:33 Imperial Age
28:46 Fletching
28:56 Padded Archer Armor
28:49 Treadmill Crane
29:32 Yasama
29:40 Squires
29:25 Arson
29:53 Pikeman
30:35 Scale Mail Armor
30:46 Forging
31:44 Chain Mail Armor
30:52 Halberdier
32:48 Two-Man Saw
32:19 Ballistics
31:52 Guard Tower
31:48 Arrowslits
32:45 Iron Casting
33:43 Conscription
34:09 Fortified Wall
35:41 Plate Mail Armor
38:26 Blast Furnace
37:45 Bodkin Arrow
38:29 Keep
38:55 Chemistry
39:44 Bracer
39:59 Leather Archer Armor
39:57 Masonry
41:27 Parthian Tactics
41:50 Thumb Ring
47:04 Ring Archer Armor
47:42 Heavy Cavalry Archer
54:17 Husbandry
54:28 Bloodlines
58:51 Gambesons
58:27 Man-at-Arms
强悍小牛牛
11:46 Feudal Age
16:02 Castle Age
15:11 Double-Bit Axe
15:09 Horse Collar
20:15 Stone Mining
23:36 Wheelbarrow
23:01 Loom
25:21 Hand Cart
27:10 Town Watch
29:08 Heavy Plow
30:03 Gold Mining
35:10 Imperial Age
34:25 Bow Saw
35:01 Forging
34:51 Scale Mail Armor
36:18 Iron Casting
36:39 Conscription
36:58 Gold Shaft Mining
37:14 Chain Mail Armor
37:01 Elite Serjeant
38:58 Blast Furnace
38:51 Masonry
39:50 Plate Mail Armor
40:56 First Crusade
42:02 First Crusade
43:42 Squires
43:28 Arson
58:19 Padded Archer Armor
58:27 Scale Barding Armor
59:24 Chemistry
58:31 Siege Engineers
59:06 Husbandry
59:19 Bloodlines
58:32 Cavalier
60:32 Chain Barding Armor
61:05 Hauberk
King Bourbon
11:31 Feudal Age
16:22 Castle Age
15:08 Double-Bit Axe
19:03 Chemistry
18:23 Padded Archer Armor
18:37 Bow Saw
19:12 Loom
23:55 Fervor
24:07 Sanctity
33:45 Imperial Age
31:52 Leather Archer Armor
34:42 Wheelbarrow
35:14 Ring Archer Armor
35:50 Ballistics
36:13 Bombard Tower
36:18 Houfnice
38:26 Two-Man Saw
37:49 Scale Mail Armor
37:35 Horse Collar
38:43 Hand Cart
41:33 Wagenburg Tactics
41:49 Conscription
42:30 Siege Engineers
42:37 Masonry
42:37 Fortified Wall
42:56 Chain Mail Armor
47:53 Caravan
48:28 Coinage
49:11 Heavy Plow
53:13 Plate Mail Armor
56:59 Architecture
56:40 Forging
code monkey HK
ouujkj
10:19 Feudal Age
12:34 Double-Bit Axe
15:11 Castle Age
13:29 Double-Bit Axe
13:46 Horse Collar
14:29 Stone Mining
Futou Juhan
11:35 Feudal Age
12:14 Double-Bit Axe
12:19 Horse Collar
15:11 Castle Age
14:04 Stone Mining
16:20 Bow Saw
17:17 Loom
20:27 Gold Mining
22:47 Scale Mail Armor
25:27 Forging
25:33 Chain Mail Armor
31:05 Imperial Age
29:29 Hamask
32:03 Wheelbarrow
32:25 Conscription
34:15 Iron Casting
34:10 Plate Mail Armor
34:42 Elite Jomsviking
36:18 Heavy Plow
39:11 Northmen's Fury
44:28 Fletching
47:03 Blast Furnace
47:52 Padded Archer Armor
48:25 Bodkin Arrow
49:22 Leather Archer Armor
49:59 Bracer
50:42 Hoardings
50:11 Cranequins
51:23 Masonry
52:16 Chemistry
51:37 Ballistics
51:53 Heavy Mounted Crossbowman
54:17 Hand Cart
帝国大仲马
I have Gun
1:43 Loom
11:07 Feudal Age
11:55 Double-Bit Axe
14:37 Castle Age
14:46 Horse Collar
16:17 Bow Saw
24:11 Wheelbarrow
25:08 Hand Cart
26:58 Loom
27:10 Stone Mining
27:10 Gold Mining
28:33 Scale Barding Armor
28:38 Forging
31:00 Imperial Age
29:12 Bloodlines
29:03 Husbandry
28:54 Town Watch
30:13 Chain Barding Armor
30:46 Vendel Legacy
31:32 Elite Jarl
32:33 Conscription
31:36 Gothikon
32:16 Cavalier
33:34 Fletching
34:03 Masonry
36:29 Two-Man Saw
35:33 Heavy Plow
35:36 Town Patrol
36:12 Stone Shaft Mining
36:56 Plate Barding Armor
36:56 Iron Casting
36:18 Bodkin Arrow
38:53 Light Cavalry
43:00 Iron Casting
42:27 Padded Archer Armor
46:03 Blast Furnace
52:59 Bracer
Connection lost

Rejoining the realm…

Still unreachable

The connection could not be restored.

Session expired

The server has moved on; the page needs a fresh start.